 Dungeon Crawl Stone Soup version 0.17-a0-1504-gb7d9117 (webtiles) character file.

264 Snupthedog the Magician (level 5, -6/28 HPs)
             Began as a Deep Elf Wizard on July 7, 2015.
             Shot with an arrow by a centaur (15 damage)
             ... on level 5 of the Dungeon.
             The game lasted 00:19:06 (3383 turns).

Snupthedog the Magician (Deep Elf Wizard)           Turns: 3383, Time: 00:19:06

Health: -6/28      AC:  5    Str:  5      XL:     5   Next: 98%
Magic:  9/16       EV: 13    Int: 18 (23) God:
Gold:   214        SH:  0    Dex: 13      Spells: 6 memorised, 4 levels left

rFire  . . .     SeeInvis .     s - +1 short sword (flame)
rCold  . . .     Clarity  .     h - +0 robe (curse)
rNeg   . . .     SustAt   .     (no shield)
rPois  .         Gourm    .     (helmet restricted)
rElec  .         Spirit   .     (no cloak)
rCorr  .         Warding  .     (no gloves)
rMut   .         Stasis   .     (no boots)
MR     .....                    (no amulet)
Stlth  ++........               (no ring)
                                t - +3 ring of protection (curse)

@: very slightly contaminated, drained, not resistant to hostile enchantments,
unstealthy
A: horns 1, deterioration 1, MP-powered wands
a: no special abilities


You were on level 5 of the Dungeon.
You were not hungry.

You visited 2 branches of the dungeon, and saw 6 of its levels.

You collected 214 gold pieces.

Inventory:

Hand weapons
 s - a +1 short sword of flaming (weapon)
Armour
 h - a cursed +0 robe (worn)
 v - a +0 helmet
Jewellery
 f - an uncursed ring of teleportation
 t - a cursed +3 ring of protection (left hand)
 u - an uncursed ring of ice
Scrolls
 b - a scroll of amnesia
 k - 2 scrolls of remove curse
 o - 2 scrolls of recharging
 r - a scroll of fog
Potions
 a - a potion of lignification
 e - a potion of berserk rage {unknown}
Books
 c - a book of Minor Magic

   Spells                             Type                      Level
   a - Magic Dart                     Conjuration                  1
   b - Blink                          Translocation                2
   c - Call Imp                       Summoning                    2
   d - Repel Missiles                 Charms/Air                   2
   e - Slow                           Hexes                        2
   f - Conjure Flame                  Conjuration/Fire             3
   g - Mephitic Cloud                 Conjuration/Poison/Air       3
Comestibles
 d - 2 bread rations
 n - 3 meat rations


   Skills:
 + Level 3.9(3.3) Dodging
 - Level 2.4(1.8) Stealth
 + Level 6.9(6.3) Spellcasting
 + Level 3.1(2.6) Conjurations
 + Level 2.5(1.9) Summonings
 + Level 1.1(0.5) Translocations


You had 4 spell levels left.
You knew the following spells:

 Your Spells              Type           Power        Failure   Level  Hunger
a - Magic Dart            Conj           ###.         4%          1    None
b - Call Imp              Summ           ##......     10%         2    None
c - Blink                 Tloc           N/A          14%         2    None
d - Repel Missiles        Chrm/Air       #.....       17%         2    None
e - Conjure Flame         Conj/Fire      ##......     24%         3    ##.....
f - Mephitic Cloud        Conj/Pois/Air  #.......     30%         3    ##.....


Dungeon Overview and Level Annotations

Branches:
Dungeon (5/15)             Temple (1/1) D:5

Altars:
Ashenzari
Fedhas
Gozag
Kikubaaqudgha
Ru
Sif Muna
Trog
Vehumet
Xom
Yredelemnul
Zin
The Shining One


Innate Abilities, Weirdness & Mutations

You have a pair of small horns on your head.
Your body sometimes deteriorates upon taking damage.
You expend magic power (3 MP) to strengthen your wands.


Message History

The wight completely misses your crimson imp.
Your crimson imp hits the wight.
Your crimson imp hits the wight but does no damage.
The wight hits your crimson imp with a short sword of freezing!
The wight freezes your crimson imp.
Your crimson imp hits the wight but does no damage.
Casting: Call Imp
Confirm with . or Enter, or press ? or * to list all spells.
Aiming: Conjure Flame
Press: ? - help, Dir - move target cursor The fire roars!
Your crimson imp closely misses the wight.
The wight hits your crimson imp with a short sword of freezing.
The wight freezes your crimson imp.
Your crimson imp dies!
Your crimson imp barely misses the wight.
A centaur comes into view.
The centaur wields a shortbow.
The centaur shoots an arrow.
The arrow hits you!
Ouch! That really hurt!
You die...

..⌠...⌠..#.##.#
#.########...##
...........##.#
#..............
....)....####.#
##########...##
#.##.##.## #.#
##.## ..#..##...
#.# #.#
.##.####..###.####
########.# #.
#.........#
#........#
#.####.##.#
#.######## #.##@#
#.# #.##.# #.#
#.#c.. #<#
....#......#
..#...###### ####
.. ##


You could see a centaur.

Vanquished Creatures
  A sky beast (D:5)
  A crimson imp (D:5)
  3 adders
  A shadow imp (D:5)
  An ooze (D:1)
  2 orcs
  A ball python (D:3)
  A bat skeleton (D:4)
  2 giant cockroaches
  6 goblins
  8 hobgoblins
  5 jackals
  9 kobolds
  9 bats
  3 giant newts
  9 rats
62 creatures vanquished.

Vanquished Creatures (collateral kills)
  A hound (D:4)
  3 adders
  4 worms
  2 orcs
  2 goblins
  A hobgoblin (D:2)
  2 jackals (D:3)
  3 kobolds
  A rat (D:2)
19 creatures vanquished.

Grand Total: 81 creatures vanquished

Notes
Turn   | Place    | Note
--------------------------------------------------------------
     0 | D:1      | Snupthedog the Deep Elf Wizard began the quest for the Orb.
     0 | D:1      | Reached XP level 1. HP: 10/10 MP: 7/7
   340 | D:1      | Reached XP level 2. HP: 15/15 MP: 4/9
   929 | D:2      | Learned a level 2 spell: Call Imp
   932 | D:2      | Learned a level 2 spell: Blink
   935 | D:2      | Learned a level 2 spell: Repel Missiles
   977 | D:2      | Reached skill level 5 in Spellcasting
  1074 | D:2      | Reached XP level 3. HP: 19/19 MP: 0/11
  1426 | D:2      | Learned a level 3 spell: Conjure Flame
  1686 | D:3      | Found a sacrificial altar of Ru.
  1807 | D:3      | Reached XP level 4. HP: 24/24 MP: 9/13
  2043 | D:3      | Learned a level 3 spell: Mephitic Cloud
  2268 | D:3      | Found an ancient bone altar of Kikubaaqudgha.
  2443 | D:4      | Reached skill level 6 in Spellcasting
  2502 | D:4      | Reached XP level 5. HP: 26/28 MP: 4/15
  2512 | D:5      | Entered Level 5 of the Dungeon
  2747 | D:5      | Found a sacrificial altar of Ru.
  2762 | D:5      | Noticed a centaur
  2767 | D:5      | Noticed an ice beast
  2839 | D:5      | Noticed a sky beast
  2851 | D:5      | Found a staircase to the Ecumenical Temple.
  2877 | D:5      | Killed a sky beast
  2879 | Temple   | Entered the Ecumenical Temple
  3040 | Temple   | Gained mutation: You expend magic power (3 MP) to strengthen your wands. [potion of mutation]
  3040 | Temple   | Gained mutation: Your body sometimes deteriorates upon taking damage. [potion of mutation]
  3040 | Temple   | Gained mutation: You have a pair of small horns on your head. [potion of mutation]
  3382 | D:5      | Noticed a centaur
  3383 | D:5      | Shot with an arrow by a centaur

Vault maps used:
D:1:      dpeg_arrival_tiny_e, kennysheep_another_room
D:2:      minmay_tree_intersection, corexii_leaking_fountain
D:3:      lemuel_crystal_altar, lemuel_coloured_pillars_altar
D:4:      first_bread, minmay_misc_feat_ornament, dk_rats_in_the_wall,
          uniq_menkaure
D:5:      nicolae_overflow_hidden_temple, minmay_temple_entry_large_hall,
          basic_altar, fedhas_bush_and_centaur_altar
Temple:   roderic_octagonal_lattice_temple

Action                   |  1- 3 |  4- 6 || total
-------------------------+-------+-------++-------
Melee: Unarmed           |     2 |       ||     2
       Dagger            |    36 |       ||    36
       Short sword       |     7 |    51 ||    58
 Cast: Magic Dart        |    76 |    25 ||   101
       Call Imp          |    13 |    21 ||    34
       Repel Missiles    |     1 |       ||     1
       Mephitic Cloud    |       |     5 ||     5
       Conjure Flame     |       |     3 ||     3
       Blink             |       |     1 ||     1
  Use: Scroll            |     6 |     5 ||    11
       Potion            |       |     6 ||     6
 Stab: Distracted        |     1 |       ||     1
       Sleeping          |       |     4 ||     4
  Eat: Chunk             |     2 |     4 ||     6
       Meat ration       |       |     1 ||     1
